 Dungeon Crawl Stone Soup version 0.26-a0-30-g56b8cd3df0 (webtiles) character file.

Game seed: 2121735784860939851, levelgen mode: deterministic

51 Hasart the Grave Robber (level 3, -1/24 HPs)
             Began as a Demonspawn Necromancer on June 3, 2020.
             Slain by a bullfrog (2 damage)
             ... on level 1 of the Dungeon.
             The game lasted 00:03:25 (2190 turns).

Hasart the Grave Robber (Demonspawn Necromancer)    Turns: 2190, Time: 00:03:26

Health: -1/24      AC:  2    Str:  8    XL:     3   Next: 58%
Magic:  2/6        EV: 12    Int: 17    God:
Gold:   34         SH:  0    Dex: 13    Spells: 6/7 levels left

rFire    . . .     SeeInvis .   d - +0 mace
rCold    . . .     Gourm    .   (no shield)
rNeg     . . .     Faith    .   a - +0 robe
rPois    .         Spirit   .   (helmet restricted)
rElec    .         Reflect  .   (no cloak)
rCorr    .         Harm     .   (no gloves)
MR       .....                  (no boots)
Stlth    ++........             (no amulet)
HPRegen  0.08/turn              (no ring)
MPRegen  0.10/turn              (no ring)

@: no status effects
A: horns 1
a: no special abilities


You were on level 1 of the Dungeon.
You were hungry.

You visited 1 branch of the dungeon, and saw 2 of its levels.

You collected 34 gold pieces.

Inventory:

Hand Weapons
 d - a +0 mace (weapon)
Armour
 a - a +0 robe (worn)
Scrolls
 e - a scroll of identify {unknown}
 f - 3 scrolls of teleportation {unknown}
Potions
 b - a potion of heal wounds {unknown}
 g - a potion of cancellation {unknown}
 h - a potion of stabbing {unknown}
Comestibles
 c - 4 rations


   Skills:
 + Level 2.3 Dodging
 - Level 1.7 Stealth
 + Level 2.5 Spellcasting
 * Level 5.2 Necromancy


You had 6 spell levels left.
You knew the following spells:

 Your Spells              Type           Power        Failure   Level  Hunger
a - Pain                  Necr           ###.         2%          1    #......

Your spell library contained the following spells:

 Spells                   Type           Power        Failure   Level  Hunger
 Animate Skeleton         Necr           N/A          2%          1    #......
 Vampiric Draining        Necr           ###.......   6%          3    ###....
 Animate Dead             Necr           N/A          22%         4    #####..
 Agony                    Necr           ###.....     52%         5    ######.


Dungeon Overview and Level Annotations

Branches:
Dungeon (2/15)

Altars:
The Shining One


Innate Abilities, Weirdness & Mutations

You have a pair of small horns on your head.


Message History

There is a stone staircase leading down here.
The bullfrog hits you! The bullfrog hits you. The bullfrog hits you!
* * * LOW HITPOINT WARNING * * *
Casting: Pain (safe; 2% risk of failure)
Confirm with . or Enter, or press ? or * to list all spells.
Aiming: Pain (safe; 2% risk of failure)
Press: ? - help, Shift-Dir - straight line, f - bullfrog
Aim: a bullfrog (chance to defeat MR: 78%)
The bullfrog barely resists.
The bullfrog completely misses you.
Your magical contamination has completely faded away.
Casting: Pain (safe; 2% risk of failure)
Confirm with . or Enter, or press ? or * to list all spells.
Aiming: Pain (safe; 2% risk of failure)
Press: ? - help, Shift-Dir - straight line, f/p - bullfrog
Aim: a bullfrog (chance to defeat MR: 78%)
The bullfrog writhes in agony.
The bullfrog closely misses you. The bullfrog hits you.
You die...

#.....)........#......
#..............#......
#..............#......
#..............#......
#..............#......
#..............#......
#............รท.'...(..
#..............#....>.
#....@.........#......
#....F.........#......
#..............#......
#..............#.###..
##...........#####.#..
#...>.............#..
#...........#####.###
######........###....
#......###[#.###


You could see a bullfrog.

Vanquished Creatures
  An ooze (D:1)
  A worm (D:2)
  A dart slug (D:1)
  2 leopard geckos
  3 goblins (D:1)
  4 hobgoblins
  9 jackals
  4 kobolds (D:1)
  3 quokkas (D:2)
  3 bats (D:1)
  4 frilled lizards
  A rat (D:1)
36 creatures vanquished.

Notes
Turn   | Place    | Note
-------+----------+-------------------------------------------
     0 | D:1      | Hasart the Demonspawn Necromancer began the quest for the
                  | Orb.
     0 | D:1      | Reached XP level 1. HP: 13/13 MP: 3/3
   484 | D:1      | Gained mutation: You have a pair of small horns on your
                  | head. [demonic ancestry]
   484 | D:1      | Reached XP level 2. HP: 18/19 MP: 1/5
   907 | D:1      | Reached skill level 5 in Necromancy
   907 | D:1      | Reached XP level 3. HP: 22/24 MP: 1/6
  1103 | D:1      | Found a glowing golden altar of the Shining One.
  2170 | D:2      | Noticed a bullfrog
  2190 | D:1      | Slain by a bullfrog

Illustrated notes

Levels and vault maps discovered:
D:1:      dpeg_arrival_circle_labyrinth_a, layout_basic, grunt_decor_fettered,
          tso_altar
D:2:      layout_rooms, old_standard_altar

Skill      XL: |  1  2 |
---------------+-------+-----
Dodging        | 2 |  2.3
Necromancy     | 5 |  5.2
Stealth        | |  1.7
Spellcasting   | |  2.5

Action                   || total
-------------------------++-------
Melee: Mace              ||     1
 Cast: Pain              ||    73
  Eat: Chunk             ||     4
Armor: Robe              ||     5
Dodge: Dodged            ||    20

Table legend:
 A = Non-vault XP
 B = Vault XP
 C = Vault XP percentage of total XP
 D = Non-vault monster count
 E = Vault monster count
 F = Vault count percentage of total count
                 A         B        C        D         E       F
            +---------+---------+-------+---------+---------+-------
      Total |      74 |       0 |   0.0 |      36 |       0 |   0.0
            +---------+---------+-------+---------+---------+-------
        D:1 |      50 |       0 |   0.0 |      25 |       0 |   0.0
        D:2 |      24 |       0 |   0.0 |      11 |       0 |   0.0
            +---------+---------+-------+---------+---------+-------
